 Dungeon Crawl Stone Soup version 0.30-a0-711-gf4ac18a38d (webtiles) character file.

Game seed: 12095305159482518342

16 tilp the Shield-Bearer (level 2, 0/26 HPs)
             Began as a Meteoran Fighter on Jan 22, 2023.
             Slain by Jessica
             ... wielding a +0 dagger
              (4 damage)
             ... on level 2 of the Dungeon.
             The game lasted 00:02:19 (480 turns).

tilp the Shield-Bearer (Meteoran Fighter)            Turns: 480, Time: 00:02:20

Health: 0/26       AC:  9    Str: 17    XL:     2   Next: 94%
Magic:  3/3        EV:  7    Int:  9    God:
Gold:   90         SH:  5    Dex: 13    Spells: 1/1 levels left

rFire   . . .      SeeInvis +    a - +0 long sword
rCold   . . .      Faith    .    c - +0 buckler
rNeg    . . .      Spirit   .    h - +0 chain mail
rPois   .          Reflect  .    (no helmet)
rElec   .          Harm     .    (no cloak)
rCorr   .          Rampage  .    (no gloves)
Will    .....                    (no boots) Stlth
                                 (no amulet)
HPRegen 0.24/turn                i - ring of see invisible
MPRegen 0.08/turn                (no ring)

@: slowed, glowing, very slow
A: sense surroundings 1, otherworldly, glowing, explore regen
a: no special abilities


You were on level 2 of the Dungeon.
You visited 1 branch of the dungeon, and saw 2 of its levels.

You collected 90 gold pieces.

Inventory:

Hand Weapons
 a - a +0 long sword (weapon)
Missiles
 g - 5 stones (quivered)
Armour
 c - a +0 buckler (worn)
 h - a +0 chain mail (worn)
Jewellery
 i - a ring of see invisible (left hand)
Scrolls
 f - a scroll of identify {unknown}
 j - a scroll of magic mapping {unknown}
 k - a scroll of teleportation {unknown}
Potions
 b - a potion of brilliance {unknown}
 d - a potion of might
 e - a potion of mutation {unknown}


   Skills:
 + Level 3.3 Fighting
 + Level 2.6 Long Blades
 + Level 3.7 Armour
 * Level 1.4 Dodging
 + Level 0.2 Stealth
 + Level 3.8 Shields


You had one spell level left.
You didn't know any spells.
Your spell library was empty.

Dungeon Overview and Level Annotations

Branches:
Dungeon (2/15) Zot: 700

Altars:

Annotations:
D:2 Jessica


Innate Abilities, Weirdness & Mutations

You passively map a small area around you.
You are easily found by Zot.
You glow in the dark.
You regain HP and MP as you explore.


Message History

You now have 90 gold pieces (gained 13).
A hobgoblin comes into view.
The hobgoblin shouts!
You hear a shout!
The hobgoblin hits you but does no damage.
You hit the hobgoblin.
The hobgoblin is severely wounded.
The hobgoblin hits you but does no damage.
You hit the hobgoblin but do no damage.
The hobgoblin is severely wounded.
The hobgoblin hits you.
You hit the hobgoblin.
You kill the hobgoblin!
You see here a hobgoblin corpse.
Jessica the Apprentice Sorceress comes into view.
She is wielding a +0 dagger.
Jessica shouts!
A hobgoblin comes into view.
The hobgoblin shouts!
Jessica casts a spell at you.
You barely resist. You barely miss Jessica.
Jessica points at you and mumbles some strange words.
Pain shoots through your body!
You barely miss Jessica. Jessica hits you with a +0 dagger.
You hit Jessica but do no damage. Jessica gestures at you while chanting.
Pain shoots through your body!
* * * LOW HITPOINT WARNING * * *
Jessica shouts, "You're disturbing me!
I'll have to kill you!" Jessica casts a spell at you.
Pain shoots through your body!
* * * LOW HITPOINT WARNING * * *
You hit Jessica but do no damage. You block Jessica's attack.
You barely miss Jessica. Jessica casts a spell at you.
You feel yourself slow down.
You hit Jessica.
Jessica is severely wounded.
Jessica casts a spell.
Jessica seems to speed up.
Jessica hits you with a +0 dagger.
You die...

* , ############
.....g@@...# , ,
...#######.# *
#.# , #†# , #.# ,
## *#.# *,,.. #.#
, ,
**#.##.##########
8 #.............#


You could see Jessica (fast) and a hobgoblin.

Vanquished Creatures
  An endoplasm (D:1)
  2 goblins
  A hobgoblin (D:2)
  4 jackals
  A kobold (D:2)
  A quokka (D:1)
  2 ball pythons (D:1)
  A rat (D:1)
13 creatures vanquished.

Notes
Turn   | Place    | Note
-------+----------+-------------------------------------------
     0 | D:1      | tilp the Meteoran Fighter began the quest for the Orb.
     0 | D:1      | Reached XP level 1. HP: 19/19 MP: 2/2
   236 | D:1      | Reached XP level 2. HP: 24/26 MP: 3/3
   243 | D:1      | Reached skill level 1 in Dodging
   294 | D:2      | Found a faded altar of an unknown god.
   471 | D:2      | Noticed Jessica
   480 | D:2      | Slain by Jessica

Illustrated notes

Levels and vault maps discovered:
D:1:      ncdulo_watergridlock, layout_basic
D:2:      cheibrodos_pilgrimage, layout_loops_ring, basic_altar,
          ebering_ecumenical_altar_sacrificial, uniq_jessica, uniq_natasha

Skill      XL: |  1  2 |
---------------+-------+-----
Dodging        | 1 |  1.4
Fighting       | |  3.3
Long Blades    | |  2.6
Armour         | |  3.7
Stealth        | |  0.2
Shields        | |  3.8

Action                     || total
---------------------------++-------
  Melee: Long sword        ||    47
 Armour: Chain mail        ||    33
  Dodge: Dodged            ||    13
  Block: Buckler           ||    14

Table legend: (Time is in decaauts)
 A = Elapsed time spent in this place.
 B = Non-inter-level travel time spent in this place.
 C = Inter-level travel time spent in this place.
 D = Time resting spent in this place.
 E = Time spent auto-exploring this place.
 F = Levels seen in this place.
 G = Mean time per level.
                   A        B        C        D        E       F      G
               +--------+--------+--------+--------+--------+-----+--------+
         Total |    497 |    464 |     33 |      0 |      0 |   2 |  248.5 |
       Dungeon |    497 |    464 |     33 |      0 |      0 |   2 |  248.5 |
               +--------+--------+--------+--------+--------+-----+--------+

Top non-repeatable levels by time:
     D:1: 424 daAuts
     D:2: 72 daAuts
